 Dungeon Crawl Stone Soup version 0.23.2-1-ga50397a (webtiles) character file.

Game seed: 9253990462540053245

1 MalarOregon the Caller (level 1, 13/13 HPs)
             Began as a Merfolk Summoner on May 17, 2019.
             Quit the game on level 1 of the Dungeon.
             The game lasted 00:00:19 (272 turns).

MalarOregon the Caller (Merfolk Summoner)            Turns: 272, Time: 00:00:19

Health: 13/13      AC:  2    Str:  8    XL:     1   Next: 20%
Magic:  2/3        EV: 13    Int: 14    God:
Gold:   3          SH:  0    Dex: 14    Spells: 3/4 levels left

rFire    . . .     SeeInvis .   (no weapon)
rCold    . . .     Gourm    .   (no shield)
rNeg     . . .     Faith    .   a - +0 robe
rPois    .         Spirit   .   (no helmet)
rElec    .         Reflect  .   (no cloak)
rCorr    .         Harm     .   (no gloves)
MR       .....                  (no boots)
Stlth    ++........             (no amulet)
HPRegen  0.04/turn              (no ring)
MPRegen  0.08/turn              (no ring)

@: no status effects
A: change form in water, swift swim, stealthy swim
a: no special abilities


You were on level 1 of the Dungeon.
You were not hungry.

You visited 1 branch of the dungeon, and saw 1 of its levels.

You collected 3 gold pieces.

Inventory:

Armour
 a - a +0 robe (worn)
Comestibles
 e - a ration {!d}


   Skills:
 - Level 2.6 Dodging
 - Level 2.1 Stealth
 - Level 2.0 Spellcasting
 + Level 4.0 Summonings


You had 3 spell levels left.
You knew the following spells:

 Your Spells              Type           Power        Failure   Level  Hunger
a - Summon Small Mammal   Summ           ##..         4%          1    ##.....

Your spell library contained the following spells:

 Spells                   Type           Power        Failure   Level  Hunger
 Call Imp                 Summ           ##......     7%          2    ###....
 Call Canine Familiar     Summ           ##......     14%         3    ####...
 Summon Guardian Golem    Hex/Summ       #.......     30%         3    ####...
 Summon Ice Beast         Ice/Summ       #.......     71%         4    #####..
 Summon Lightning Spire   Summ/Air       #.......     71%         4    #####..


Dungeon Overview and Level Annotations

Branches:
Dungeon (1/15)

Altars:


Message History

e - a ration Welcome, MalarOregon the Merfolk Summoner.
The bosom of this dungeon contains the fabled artefact, the Orb of Zot.
Found a staircase leading out of the dungeon.
A leopard gecko comes into view.
The leopard gecko hisses angrily.
The leopard gecko bites you.
You swap places.
Something bites your quokka.
There is a staircase leading out of the dungeon here.
The leopard gecko bites your quokka.
Your quokka completely misses the leopard gecko.
The leopard gecko bites your quokka.
Your quokka dies!
Your quokka's corpse disappears in a puff of smoke!
Your bat barely misses the leopard gecko.
Your bat hits the leopard gecko but does no damage.
The leopard gecko bites you.
Your bat misses the leopard gecko.
You don't have enough magic to cast that spell.
You hit the leopard gecko.
Your bat barely misses the leopard gecko.
Your bat misses the leopard gecko.
Your bat barely misses the leopard gecko.
The leopard gecko bites you.
* * * LOW HITPOINT WARNING * * *
Your bat hits the leopard gecko. You closely miss the leopard gecko.
Your bat barely misses the leopard gecko.
Your bat hits the leopard gecko. x2
The leopard gecko dies!
You start resting.
Your bat disappears in a puff of smoke!
You start resting.
Your bat disappears in a puff of smoke!
You see here a leopard gecko skeleton.
Found 3 gold pieces.
You now have 3 gold pieces.
You open the door.
A frilled lizard comes into view.
The frilled lizard hisses angrily.
You hear a shout!
A frilled lizard is nearby!
A frilled lizard is nearby!
A kobold comes into view. It is wielding a +0 whip.

####.#.###
#.........
#รท##...##.
#.<#...# ####...#
###.#### #.......
############.......
#.@r.......#.......
#'########.#.#####.
... #.#.# . ....l
#.#.# ....... #.#.#
......K #.#.#
....... #.#.#####
....... #.#.....#
#.#####.#


You could see a kobold, a frilled lizard and a friendly quokka.

Vanquished Creatures (collateral kills)
  A leopard gecko (D:1)
1 creature vanquished.

Notes
Turn   | Place    | Note
-------+----------+-------------------------------------------
     0 | D:1      | MalarOregon the Merfolk Summoner began the quest for the
                  | Orb.
     0 | D:1      | Reached XP level 1. HP: 13/13 MP: 3/3
   272 | D:1      | Quit the game

Action                   || total
-------------------------++-------
Melee: Unarmed           ||     2
 Cast: Summon Small Mamm ||     4
